 Dungeon Crawl Stone Soup version 0.30.0-13-g156ef70053 (webtiles) character file.

Game seed: 2849852414317654474

25 SnakkuSnakku7 the Ducker (level 3, -3/21 HPs)
             Began as a Tengu Hexslinger on May 17, 2023.
             Slain by Terence
             ... wielding a +0 hand axe
              (5 damage)
             ... on level 2 of the Dungeon.
             The game lasted 00:02:18 (999 turns).

SnakkuSnakku7 the Ducker (Tengu Hexslinger)          Turns: 999, Time: 00:02:19

Health: -3/21      AC:  2    Str:  8 (10) XL:     3   Next: 6%
Magic:  5/5        EV: 12    Int: 14 (15) God:
Gold:   38         SH:  0    Dex: 12 (14) Spells: 2/4 levels left

rFire   . . .        e - +0 whip
rCold   . . .        (no shield)
rNeg    . . .        c - +0 robe
rPois   .            (helmet restricted)
rElec   .            (no cloak)
rCorr   .            (no gloves)
SInv    .            (boots unavailable)
Will    .....        d - amulet of the acrobat
Stlth   +            (no ring)
HPRegen 0.23/turn    (no ring)
MPRegen 0.09/turn

%: acrobat
@: no status effects
A: beak, talons 3
a: no special abilities


You were on level 2 of the Dungeon.
You visited 1 branch of the dungeon, and saw 2 of its levels.

You collected 38 gold pieces.

Inventory:

Hand Weapons
 a - a +1 sling
 e - a +0 whip (weapon)
Armour
 c - a +0 robe (worn)
Jewellery
 d - an amulet of the acrobat (around neck)
Scrolls
 b - a scroll of poison
 j - a scroll of fear {unknown}
 k - a scroll of magic mapping {unknown}
 m - a scroll of identify {unknown}
 n - a scroll of enchant armour {unknown}
 p - a scroll of vulnerability {unknown}
 r - a scroll of blinking {unknown}
Potions
 g - a potion of heal wounds {unknown}
 h - a potion of haste {unknown}
 i - a potion of magic
 l - a potion of curing {unknown}
 o - a potion of brilliance {unknown}
 q - a potion of flight {unknown}


   Skills:
 - Level 2.0 Fighting
 - Level 2.1 Ranged Weapons
 - Level 2.1 Dodging
 - Level 1.0 Spellcasting
 + Level 1.7 Conjurations
 - Level 2.1 Hexes
 - Level 1.2 Fire Magic
 + Level 0.1 Air Magic


You had 2 spell levels left.
You knew the following spells:

 Your Spells              Type           Power      Damage    Failure   Level
a - Slow                  Hex            24%        N/A       11%         1
b - Shock                 Conj/Air       12%        1d3       19%         1

Your spell library contained the following spells:

 Spells                   Type           Power      Damage    Failure   Level
 Apportation              Tloc           0%         N/A       26%         1
 Inner Flame              Hex/Fire       5%         N/A       36%         3
 Portal Projectile        Hex/Tloc       6%         N/A       45%         3
 Mephitic Cloud           Conj/Pois/Air  2%         N/A       52%         3
 Swiftness                Air            1%         N/A       58%         3
 Cause Fear               Hex            3%         N/A       71%         4
 Airstrike                Air            0%         2d(1-17)  94%         4
 Alistair's Intoxication  Tmut/Pois      0%         N/A       100%        5
 Spellforged Servitor     Conj/Summ      1%         N/A       100%        7
 Chain Lightning          Conj/Air       1%         3d2       100%        9
 Fire Storm               Conj/Fire      2%         8d1       100%        9
 Shatter                  Erth           0%         3d5*      100%        9


Dungeon Overview and Level Annotations

Branches:
Dungeon (2/15)

Altars:

Annotations:
D:2 Terence


Innate Abilities, Weirdness & Mutations

You have a beak for a mouth.
You have claws for feet.


Message History

The kobold hits you but does no damage.
You closely miss the kobold. The kobold closely misses you.
You closely miss the kobold. You claw the kobold.
You kill the kobold!
You see here a +0 short sword.
Terence is nearby!
Terence is nearby!
Terence is nearby!
Found a stone staircase leading down.
There is a stone staircase leading down here.
You see here a +0 mace.
You barely miss Terence. Terence hits you but does no damage.
You hit Terence but do no damage. You claw Terence. Your peck misses Terence.
Terence is lightly wounded.
Terence closely misses you.
You closely miss Terence.
Terence is lightly wounded.
Terence hits you with a +0 hand axe.
You hit Terence but do no damage.
Terence is lightly wounded.
Terence misses you.
You hit Terence but do no damage. You claw Terence.
You peck Terence, but do no damage.
Terence is lightly wounded.
Terence hits you with a +0 hand axe. x2
You hit Terence but do no damage. You claw Terence.
Terence is moderately wounded.
Terence hits you with a +0 hand axe!
* * * LOW HITPOINT WARNING * * *
You are too injured to fight recklessly!
You are too injured to fight recklessly!
You are too injured to fight recklessly!
It was a potion of degeneration.
There was something very wrong with that liquid.
You feel weakened.
You feel dopey.
You feel clumsy. Terence hits you with a +0 hand axe.
* * * LOW HITPOINT WARNING * * *
It was a potion of magic.
Magic courses through your body. Terence hits you with a +0 hand axe.
You die...

###>#####.........#....#
#......##...[.....#....###
#...).....................
#......##.........#.......
#.......##.......##....)..
#..........#####.####.....
###......#................
###......#####.####.....
#######@##.....# #.....
#....##.@..##### #.....
#.##.####.....##########
#.##.# ##.##.....# #.##.#
##.######.#
######.##.####..รท...##.#
#.......#...........##.##
#..[....######......##.(#
#....<......g.......###.##


You could see Terence.

Vanquished Creatures
  2 endoplasms
  2 giant cockroaches (D:1)
  2 quokkas
  4 ball pythons
  4 bats
  A frilled lizard (D:1)
  A goblin (D:1)
  5 kobolds
  3 rats (D:1)
24 creatures vanquished.

Notes
Turn   | Place    | Note
-------+----------+-------------------------------------------
     0 | D:1      | SnakkuSnakku7 the Tengu Hexslinger began the quest for the
                  | Orb.
     0 | D:1      | Reached XP level 1. HP: 12/12 MP: 3/3
   153 | D:1      | Reached XP level 2. HP: 17/17 MP: 4/4
   165 | D:1      | Got Sieromaxa's Catalogue of the Salvo
   398 | D:1      | Reached skill level 1 in Conjurations
   688 | D:2      | Reached skill level 1 in Fire Magic
   780 | D:2      | Noticed Terence
   863 | D:1      | Found a faded altar of an unknown god.
   900 | D:2      | Reached XP level 3. HP: 19/21 MP: 5/5
   922 | D:2      | Learned a level 1 spell: Shock
   999 | D:2      | Slain by Terence

Illustrated notes

Levels and vault maps discovered:
D:1:      lemuel_arrival_river_passageway, layout_rooms,
          shapermc_ecumenical_altar_petra
D:2:      layout_basic, minmay_misc_feat_tiny, minmay_split_cup_large,
          uniq_jessica, uniq_terence

Skill      XL: |  1  2 |
---------------+-------+-----
Fighting       | 2 |  2.0
Conjurations   | 1 |  1.7
Fire Magic     | 1 |  1.2
Ranged Weapons | |  2.1
Dodging        | |  2.1
Spellcasting   | |  1.0
Hexes          | |  2.1
Air Magic      | |  0.1

Action                     || total
---------------------------++-------
  Melee: Whip              ||    64
         Kick              ||    15
         Peck              ||     8
   Fire: Sling             ||     9
    Use: Potion            ||     2
   Stab: Sleeping          ||     1
 Armour: Robe              ||     8
  Dodge: Dodged            ||    58
